Selects Special Operations Battlegroup
Selects Special Operations Battlegroup
Selects Special Operations Battlegroup
Selects M29 Weasel Recon Vehicle
Construct Weapon Support Center
Construct Weapon Support Center
M3 Armored Personnel Carrier
M1918 Browning Automatic Rifles
M3 Armored Personnel Carrier
Selects P-47 Anti-Infantry Loiter
Selects UNKNOWN (2162291)
Construct Medical Station
Selects SSF Commando Squad
Selects Assault Operation
M18 Hellcat Tank Destroyer
P-47 Anti-Infantry Loiter
M18 Hellcat Tank Destroyer
P-47 Anti-Infantry Loiter
M18 Hellcat Tank Destroyer